[Event "December 5 Late 2023"]
[Site "https://www.chess.com"]
[Date "2023.12.05"]
[Round "4"]
[White "Zhou, Qiyu"]
[Black "Tokhirjonova, Gulrukhbegim"]
[Result "0-1"]
[Board "73"]
[TimeControl "180+1"]
[WhiteFideId "505161"]
[BlackFideId "14203626"]
[WhiteElo "2420"]
[BlackElo "2651"]
[WhiteTeam "CAN"]
[BlackTeam "USA"]
[WhiteClock "0:00:15"]
[BlackClock "0:01:17"]

1. e4 e5 2. Nf3 Nc6 3. Bb5 a6 4. Ba4 Nf6 5. O-O Nxe4 6. d4 b5 7. Bb3 d5 8. Nxe5 Nxe5 9. dxe5 Be6 10. c3 Be7 11. Nd2 Nc5 12. Bc2 d4 13. cxd4 Qxd4 14. Nf3 Qxd1 15. Rxd1 O-O 16. Be3 Na4 17. b3 Nc3 18. Rd2 h6 19. Nd4 Ba3 20. Nxe6 fxe6 21. Bd4 Nd5 22. Be4 Rad8 23. Bxd5 Rxd5 24. Bc3 Rxd2 25. Bxd2 Rd8 26. Ba5 Rd7 27. Kf1 c5 28. Ke2 Bb2 29. Re1 Bxe5 30. Kf1 Rd5 31. g3 Kf7 32. f4 Bd6 33. Re2 e5 34. fxe5 Bxe5 35. Kf2 Kf6 36. Rc2 Bd4+ 37. Ke2 Re5+ 38. Kf3 Re3+ 39. Kg2 g5 40. Bb6 Re5 41. Ba5 g4 42. Bd8+ Ke6 43. Bc7 Re1 44. Bf4 Rg1# 0-1

[Event "December 5 Late 2023"]
[Site "https://www.chess.com"]
[Date "2023.12.05"]
[Round "4"]
[White "Sturt, Raven"]
[Black "Hoffmann, Asa"]
[Result "1-0"]
[Board "74"]
[TimeControl "180+1"]
[WhiteFideId "2007304"]
[BlackFideId "2001470"]
[WhiteElo "2650"]
[BlackElo "2417"]
[WhiteTeam "USA"]
[BlackTeam "USA"]
[WhiteClock "0:01:26"]
[BlackClock "0:00:00"]

1. f4 d6 2. Nf3 c5 3. e3 Nc6 4. Bb5 Bd7 5. O-O g6 6. c4 Bg7 7. Nc3 e6 8. d4 cxd4 9. exd4 Qb6 10. Kh1 Nge7 11. c5 dxc5 12. dxc5 Qc7 13. Ne4 O-O 14. Qe2 Rfd8 15. Rb1 a6 16. Bc4 Nd5 17. b4 Be8 18. a3 f5 19. Neg5 Bf7 20. Nxf7 Qxf7 21. Ng5 Qf6 22. Qxe6+ Qxe6 23. Nxe6 Rd7 24. Bxd5 Rxd5 25. Nc7 Rad8 26. Nxd5 Rxd5 27. Bb2 Nd4 28. Rbd1 Kf7 29. Rd3 1-0

[Event "December 5 Late 2023"]
[Site "https://www.chess.com"]
[Date "2023.12.05"]
[Round "4"]
[White "Papasimakopoulos, Alexandros"]
[Black "JERO-8914"]
[Result "1-0"]
[Board "75"]
[TimeControl "180+1"]
[WhiteFideId "4244125"]
[WhiteElo "2647"]
[BlackElo "2413"]
[WhiteTeam "GRE"]
[WhiteClock "0:00:16"]
[BlackClock "0:00:05"]

1. d4 d6 2. Nf3 Nf6 3. c4 g6 4. Nc3 Bg7 5. Bg5 O-O 6. e3 c6 7. Be2 d5 8. O-O h6 9. Bh4 g5 10. Bg3 Bf5 11. Qb3 Qb6 12. Rfc1 Qxb3 13. axb3 a6 14. Ne5 Nbd7 15. Nxd7 Bxd7 16. Na4 Be6 17. Nb6 Rad8 18. Be5 Nd7 19. Bxg7 Kxg7 20. cxd5 Nxb6 21. dxe6 fxe6 22. Rc5 Rf5 23. b4 Rdf8 24. f3 g4 25. Kf2 gxf3 26. gxf3 Nd7 27. Rca5 Nf6 28. Rg1+ Kh8 29. Bd3 Rh5 30. Rxh5 Nxh5 31. Rg6 Rf6 32. Rg1 Ng7 33. f4 Ne8 34. Kf3 Nc7 35. Bc4 b5 36. Bb3 Rf8 37. e4 Rg8 38. Rxg8+ Kxg8 39. f5 Kf7 40. Kf4 Kf6 41. e5+ Kf7 42. fxe6+ Nxe6+ 43. Kf5 1-0

[Event "December 5 Late 2023"]
[Site "https://www.chess.com"]
[Date "2023.12.05"]
[Round "4"]
[White "Cieslak, Patryk"]
[Black "Spichkin, Alexander"]
[Result "1-0"]
[Board "76"]
[TimeControl "180+1"]
[WhiteFideId "21078882"]
[BlackFideId "4144074"]
[WhiteElo "2646"]
[BlackElo "2391"]
[WhiteTeam "POL"]
[BlackTeam "RUS"]
[WhiteClock "0:01:19"]
[BlackClock "0:01:42"]

1. e4 e5 2. Nf3 d5 3. Nxe5 Bd6 4. d4 dxe4 5. Nc3 Bxe5 6. dxe5 Qxd1+ 7. Kxd1 Nc6 8. Nxe4 Nxe5 9. Bf4 Bf5 10. Bxe5 O-O-O+ 11. Kc1 f6 12. Ng3 fxe5 13. Nxf5 Rf8 14. Bd3 g6 15. Ne3 Rxf2 16. Rf1 Rxf1+ 17. Bxf1 Ne7 18. Be2 Nf5 19. Bg4 Rf8 20. Kd2 Kb8 21. Bxf5 gxf5 22. Rf1 f4 23. Nc4 Re8 24. Ke2 b5 25. Nd2 c6 26. Ne4 Kc7 27. Rd1 a5 28. Kf3 Re6 29. c3 Rg6 30. Nc5 h5 31. Rd7+ Kb6 32. b4 axb4 33. cxb4 e4+ 34. Kxe4 1-0

[Event "December 5 Late 2023"]
[Site "https://www.chess.com"]
[Date "2023.12.05"]
[Round "4"]
[White "Krishnan, Varun"]
[Black "Marcziter, Dmitrii"]
[Result "1-0"]
[Board "77"]
[TimeControl "180+1"]
[WhiteFideId "5054508"]
[BlackFideId "13900765"]
[WhiteElo "2644"]
[BlackElo "2387"]
[WhiteTeam "USA"]
[BlackTeam "GER"]
[WhiteClock "0:00:44"]
[BlackClock "0:00:27"]

1. d4 Nf6 2. c4 g6 3. Nc3 Bg7 4. e4 d6 5. Be2 O-O 6. Nf3 Na6 7. O-O c5 8. d5 e6 9. a3 Re8 10. Rb1 Nc7 11. Bd3 a6 12. Re1 exd5 13. exd5 Rxe1+ 14. Qxe1 Bg4 15. Ng5 h6 16. Nge4 Nxe4 17. Nxe4 b5 18. Bf4 Bf8 19. Qc3 Bg7 20. Qd2 g5 21. Bxd6 bxc4 22. Bxc4 Bf5 23. Bxc7 Qxc7 24. d6 Qa7 25. Re1 Bd4 26. Ng3 Bg6 27. Bd3 Rd8 28. Bxg6 fxg6 29. Re7 Rd7 30. Qe2 Rxd6 31. Rxa7 1-0

[Event "December 5 Late 2023"]
[Site "https://www.chess.com"]
[Date "2023.12.05"]
[Round "4"]
[White "Bonin, Jay"]
[Black "Agibileg, Uurtsaikh"]
[Result "1-0"]
[Board "78"]
[TimeControl "180+1"]
[WhiteFideId "2000644"]
[BlackFideId "4901606"]
[WhiteElo "2379"]
[BlackElo "2642"]
[WhiteTeam "USA"]
[BlackTeam "MGL"]
[WhiteClock "0:01:18"]
[BlackClock "0:00:00"]

1. d4 Nf6 2. Nf3 e6 3. c4 c5 4. d5 exd5 5. cxd5 d6 6. Nc3 g6 7. Bg5 Bg7 8. Nd2 O-O 9. e4 a6 10. a4 Re8 11. Be2 h6 12. Bh4 Nbd7 13. O-O g5 14. Bg3 Ne5 15. f4 gxf4 16. Bxf4 Ng6 17. Bg3 Rb8 18. Kh1 Qe7 19. Qc2 Nd7 20. Nc4 Nde5 21. Ne3 b6 22. Rae1 Bd7 23. Nf5 Qf8 24. Bxa6 c4 25. Bb5 Bxb5 26. Nxb5 Rbd8 27. Nbd4 Nd3 28. Re3 Bxd4 29. Nxd4 Qg7 30. Qxc4 Nxb2 31. Qb4 Nd3 32. Rxd3 Rxe4 33. Qd2 Rde8 34. Nf5 Qh8 35. Nxh6+ Qxh6 36. Qxh6 Re2 37. Rdf3 Ne5 38. Bxe5 1-0

[Event "December 5 Late 2023"]
[Site "https://www.chess.com"]
[Date "2023.12.05"]
[Round "4"]
[White "Ehlvest, Jaan"]
[Black "Diaz, Fernando"]
[Result "1-0"]
[Board "79"]
[TimeControl "180+1"]
[WhiteFideId "4500016"]
[BlackFideId "3701255"]
[WhiteElo "2642"]
[BlackElo "2363"]
[WhiteTeam "USA"]
[BlackTeam "PAR"]
[WhiteClock "0:02:43"]
[BlackClock "0:02:32"]

1. e4 e6 2. d4 d5 3. Nc3 Bb4 4. e5 c5 5. Bd2 cxd4 6. Nb5 Be7 7. Qg4 Nc6 8. Qxg7 Bf6 9. exf6 Qxf6 10. Qxf6 Nxf6 11. Nc7+ Kd7 12. Nxa8 1-0

[Event "December 5 Late 2023"]
[Site "https://www.chess.com"]
[Date "2023.12.05"]
[Round "4"]
[White "Golubev, Mikhail"]
[Black "Polanco Nunez, Yoel Estarling"]
[Result "1-0"]
[Board "80"]
[TimeControl "180+1"]
[WhiteFideId "14100983"]
[BlackFideId "6401783"]
[WhiteElo "2631"]
[BlackElo "2291"]
[WhiteTeam "UKR"]
[BlackTeam "DOM"]
[WhiteClock "0:00:05"]
[BlackClock "0:00:00"]

1. e4 c5 2. Nf3 d6 3. d4 cxd4 4. Nxd4 Nf6 5. Nc3 a6 6. Bc4 Nc6 7. Be3 e6 8. Bb3 d5 9. exd5 Nxd5 10. Nxd5 exd5 11. Qf3 Be6 12. O-O-O Qd7 13. Rhe1 O-O-O 14. Bg5 Bg4 15. Qd3 f6 16. f3 Bh5 17. Bf4 g5 18. Nxc6 Qxc6 19. Qf5+ Qd7 20. Qxd7+ Rxd7 21. Bg3 Bf7 22. c3 Bc5 23. Bc2 1-0

[Event "December 5 Late 2023"]
[Site "https://www.chess.com"]
[Date "2023.12.05"]
[Round "4"]
[White "Chlpik, Martin"]
[Black "Koksal, Ege"]
[Result "0-1"]
[Board "81"]
[TimeControl "180+1"]
[WhiteFideId "14923351"]
[BlackFideId "6317626"]
[WhiteElo "2269"]
[BlackElo "2628"]
[WhiteTeam "SVK"]
[BlackTeam "TUR"]
[WhiteClock "0:00:00"]
[BlackClock "0:00:08"]

1. d4 Nf6 2. c4 e6 3. Nc3 Bb4 4. a3 Bxc3+ 5. bxc3 c5 6. e3 O-O 7. Bd3 b6 8. Ne2 Nc6 9. e4 d6 10. O-O Ba6 11. f4 Na5 12. e5 Ne8 13. f5 exf5 14. Ng3 Bxc4 15. Bxc4 Nxc4 16. Nxf5 dxe5 17. Qf3 Ncd6 18. Ne7+ Qxe7 19. Qxa8 Nf6 20. Qc6 Rc8 21. Qf3 cxd4 22. cxd4 e4 23. Qg3 Nd5 24. Bh6 g6 25. Bg5 f6 26. Qb3 Qf7 27. Bh4 Nf5 28. Bg3 Nxd4 29. Qa4 Ne2+ 30. Kh1 Nxg3+ 31. hxg3 f5 32. Rac1 Rf8 33. Qc6 Ne3 34. Rfe1 Ng4 35. Qd6 Qg7 36. Qf4 g5 37. Qd6 h6 38. Rc7 Rf7 39. Qe6 Ne5 40. Rd1 Kh7 41. Rxf7 Nxf7 42. Rd7 Kg8 43. Rd8+ Kh7 44. Qxf5+ Qg6 45. Qxg6+ Kxg6 46. Re8 Kf5 47. Rf8 Kf6 48. Re8 Nd6 49. Rf8+ Ke5 50. Rf1 Kd4 51. Rf6 Nc4 52. Kg1 e3 53. Kf1 Kd3 0-1

[Event "December 5 Late 2023"]
[Site "https://www.chess.com"]
[Date "2023.12.05"]
[Round "4"]
[White "Tanriverdi, Enes"]
[Black "Wieczorek, Zbigniew"]
[Result "1-0"]
[Board "82"]
[TimeControl "180+1"]
[WhiteFideId "34543279"]
[BlackFideId "1102001"]
[WhiteElo "2623"]
[BlackElo "2222"]
[WhiteTeam "TUR"]
[BlackTeam "POL"]
[WhiteClock "0:00:10"]
[BlackClock "0:00:03"]

1. e4 g6 2. Nf3 Bg7 3. d4 c6 4. c4 d6 5. Nc3 Nd7 6. Be2 e5 7. O-O Ngf6 8. Qc2 O-O 9. Rd1 Qe7 10. Be3 h6 11. h3 Re8 12. d5 c5 13. a3 Nh5 14. b4 b6 15. bxc5 Nxc5 16. a4 a5 17. Rab1 Ra6 18. Rb2 Nf4 19. Rdb1 Qd8 20. Bf1 f5 21. Nd2 Bd7 22. exf5 Bxf5 23. Nde4 g5 24. Bxc5 dxc5 25. Qd1 Rf8 26. d6 Ne6 27. Bd3 Nd4 28. Nd5 Bxe4 29. Bxe4 Qxd6 30. Rxb6 Rxb6 31. Rxb6 Qd8 32. Qh5 Rf4 33. Nxf4 exf4 34. Bd5+ Kh8 35. Rxh6+ Bxh6 36. Qxh6# 1-0

[Event "December 5 Late 2023"]
[Site "https://www.chess.com"]
[Date "2023.12.05"]
[Round "4"]
[White "Jing, Andrew"]
[Black "Mendes Aaron Reeve"]
[Result "0-1"]
[Board "83"]
[TimeControl "180+1"]
[WhiteFideId "30984076"]
[BlackFideId "25954938"]
[WhiteElo "2220"]
[BlackElo "2620"]
[WhiteTeam "USA"]
[BlackTeam "CAN"]
[WhiteClock "0:00:18"]
[BlackClock "0:00:13"]

1. d4 Nf6 2. Nf3 d5 3. c4 c6 4. g3 g6 5. Bg2 Bg7 6. O-O dxc4 7. Ne5 Be6 8. a4 O-O 9. Na3 Ng4 10. Nxg4 Bxg4 11. Be3 e5 12. d5 cxd5 13. Qxd5 Nc6 14. Qxc4 Be6 15. Qb5 Nd4 16. Qxb7 Nxe2+ 17. Kh1 Rb8 18. Qxa7 Rxb2 19. Rad1 Qc8 20. Nb5 Qc2 21. Nd6 Nd4 22. a5 Bg4 23. Rd2 Qb3 24. Rxb2 Qxb2 25. Qb7 Qe2 26. Rc1 Nc2 27. Bb6 Ne1 28. h3 Bf3 29. Bxf3 Qf1+ 30. Kh2 Nxf3+ 31. Qxf3 Qxc1 32. a6 Qb2 33. Be3 Qa3 34. a7 Qxd6 35. a8=Q Rxa8 36. Qxa8+ Bf8 37. Bh6 Qe7 38. Qc8 f6 39. Bxf8 Qxf8 40. Qd7 Qf7 41. Qd6 Kg7 42. h4 h6 43. Kg2 Qb7+ 44. Kh2 Kf7 45. Kg1 Qe7 46. Qd5+ Kg7 47. Qc6 e4 48. Kg2 h5 49. Kf1 e3 50. Qf3 exf2 51. Kxf2 Qe5 52. Qd3 Kf7 53. Qd7+ Qe7 54. Qd5+ Kg7 55. Qd3 Qe6 56. Qb5 Qf5+ 57. Qxf5 gxf5 58. Ke3 Kf7 59. Kf3 Ke7 60. Ke3 Kd6 61. Kd4 Ke6 62. Ke3 Ke5 63. Kf3 f4 64. gxf4+ Kf5 65. Kg3 Ke4 66. f5 Kxf5 67. Kf3 Ke5 68. Ke3 f5 69. Kf3 f4 70. Kf2 Ke4 71. Ke2 f3+ 72. Kf2 Kf4 73. Kf1 Kg3 74. Kg1 Kxh4 75. Kf2 Kg4 76. Kg1 h4 77. Kf2 h3 78. Kg1 Kf4 79. Kf2 h2 80. Kf1 h1=Q+ 81. Kf2 Qg2+ 82. Ke1 f2+ 83. Kd2 f1=Q+ 84. Kc3 Qc1+ 85. Kd3 Qgd2# 0-1

[Event "December 5 Late 2023"]
[Site "https://www.chess.com"]
[Date "2023.12.05"]
[Round "4"]
[White "Gubajdullin, Alexei"]
[Black "Thake, Conrad"]
[Result "1-0"]
[Board "84"]
[TimeControl "180+1"]
[WhiteFideId "4141202"]
[BlackFideId "5602947"]
[WhiteElo "2613"]
[BlackElo "1959"]
[WhiteTeam "RUS"]
[BlackTeam "MLT"]
[WhiteClock "0:01:04"]
[BlackClock "0:00:00"]

1. d4 Nf6 2. Nf3 g6 3. Bf4 Bg7 4. e3 O-O 5. Be2 c5 6. O-O d6 7. h3 b6 8. c3 Bb7 9. a4 Re8 10. Qb3 Nc6 11. Rd1 Na5 12. Qa2 Nh5 13. Bh2 Qc7 14. dxc5 bxc5 15. Ng5 e5 16. b4 Nc6 17. Nxf7 d5 18. Ng5 Ne7 19. Ne6 Qc6 20. Nxg7 Nxg7 21. Bxe5 Nef5 22. Rxd5 Kh8 23. Bf3 Nh4 24. Be4 Qe6 25. f4 Rad8 26. Rxd8 Qxa2 27. Rxa2 Rxd8 28. Bxb7 Rd1+ 29. Kf2 Rxb1 30. Rd2 h5 31. Be4 cxb4 32. Bxb1 1-0

[Event "December 5 Late 2023"]
[Site "https://www.chess.com"]
[Date "2023.12.05"]
[Round "4"]
[White "Erzhanov, Arman"]
[Black "Galaktionov, Artem"]
[Result "0-1"]
[Board "85"]
[TimeControl "180+1"]
[WhiteFideId "4138821"]
[BlackFideId "24175471"]
[WhiteElo "2527"]
[BlackElo "2837"]
[WhiteTeam "KAZ"]
[BlackTeam "RUS"]
[WhiteClock "0:00:00"]
[BlackClock "0:01:00"]

1. e4 c6 2. d4 g6 3. Nf3 Bg7 4. Nc3 d6 5. h3 Nd7 6. a4 e5 7. dxe5 dxe5 8. Bc4 Ngf6 9. O-O O-O 10. b3 h6 11. Ba3 Re8 12. Qe2 Nh5 13. Rfd1 Nf4 14. Qf1 Ne6 15. Rd2 Nd4 16. Be2 Qa5 17. Bb2 Nc5 18. Rad1 Nce6 19. Ne1 Nf4 20. Bd3 Be6 21. Ne2 Nfxe2+ 22. Bxe2 c5 23. Kh1 Rac8 24. Bc4 Qb6 25. Ba3 Qc6 26. f3 a6 27. Bb2 h5 28. Bxe6 Qxe6 29. Nd3 b5 30. axb5 axb5 31. Bxd4 cxd4 32. Ra1 Qd6 33. Qe2 Rc3 34. Ra2 Rec8 35. Rd1 Qc6 36. Ne1 Bf6 37. Rda1 Bh4 38. Ra6 Qc5 39. Ra7 Re3 0-1

[Event "December 5 Late 2023"]
[Site "https://www.chess.com"]
[Date "2023.12.05"]
[Round "4"]
[White "Chylewski, Patryk"]
[Black "Brodsky, David"]
[Result "0-1"]
[Board "86"]
[TimeControl "180+1"]
[WhiteFideId "1186191"]
[BlackFideId "2073250"]
[WhiteElo "2517"]
[BlackElo "2788"]
[WhiteTeam "POL"]
[BlackTeam "USA"]
[WhiteClock "0:00:00"]
[BlackClock "0:00:05"]

1. d4 a6 2. e4 c6 3. c4 d5 4. Nc3 dxe4 5. Nxe4 Nf6 6. Ng3 h5 7. h4 Bg4 8. Be2 e6 9. Nh3 Bd6 10. Nf1 Nbd7 11. Ne3 Bb4+ 12. Bd2 Bxd2+ 13. Qxd2 Ne4 14. Qc2 Qa5+ 15. Kf1 Nd2+ 16. Kg1 Bxe2 17. a3 Nf3+ 18. gxf3 Bxf3 19. Ng2 Nf6 20. Ng5 Bg4 21. Re1 Rd8 22. b4 Qc7 23. f3 Rxd4 24. fxg4 Rxg4 25. Qf2 O-O 26. Rh3 Rd8 27. Rf3 Qe7 28. Kh1 Rd7 29. Ne3 Re4 30. Ng2 Ng4 31. Qg3 Rxe1+ 32. Nxe1 Qd8 33. Kg2 Rd2+ 34. Kg1 Qd4+ 0-1

[Event "December 5 Late 2023"]
[Site "https://www.chess.com"]
[Date "2023.12.05"]
[Round "4"]
[White "Leenhouts, Koen"]
[Black "Rastbod, Ali"]
[Result "0-1"]
[Board "87"]
[TimeControl "180+1"]
[WhiteFideId "1008439"]
[BlackFideId "12567477"]
[WhiteElo "2524"]
[BlackElo "2755"]
[WhiteTeam "NED"]
[BlackTeam "IRI"]
[WhiteClock "0:00:11"]
[BlackClock "0:00:08"]

1. d4 d5 2. Nf3 Nf6 3. g3 c5 4. c4 cxd4 5. Nxd4 e5 6. Nf3 e4 7. Nd4 dxc4 8. Bg2 Bb4+ 9. Nc3 O-O 10. O-O Re8 11. Bg5 Bxc3 12. bxc3 h6 13. Bxf6 Qxf6 14. Rb1 Nc6 15. Nb5 Bf5 16. Qa4 e3 17. Rbd1 Red8 18. Nc7 Rxd1 19. Rxd1 exf2+ 20. Kf1 Rd8 21. Nd5 Qe5 22. Qxc4 Kh7 23. Qf4 Qxf4 24. gxf4 Be6 25. Kxf2 f5 26. Rd3 g5 27. a4 Kg7 28. Nc7 Rxd3 29. Nxe6+ Kf6 30. exd3 Kxe6 31. Ke3 Na5 32. c4 b6 33. Bd5+ Kd6 34. Kd4 Nb3+ 35. Ke3 Nc5 36. a5 bxa5 37. d4 gxf4+ 38. Kxf4 Ne6+ 39. Ke3 a4 40. Kd3 Nf4+ 0-1

[Event "December 5 Late 2023"]
[Site "https://www.chess.com"]
[Date "2023.12.05"]
[Round "4"]
[White "Skvortsov, Andrei"]
[Black "Kotyk, Michael"]
[Result "1-0"]
[Board "88"]
[TimeControl "180+1"]
[WhiteFideId "24108600"]
[BlackFideId "16214501"]
[WhiteElo "2748"]
[BlackElo "2512"]
[WhiteTeam "MNE"]
[BlackTeam "GER"]
[WhiteClock "0:02:50"]
[BlackClock "0:02:27"]

1. e4 e5 2. d4 exd4 3. Qxd4 Nc6 4. Qd3 g6 5. Nc3 Bg7 6. Nf3 Nge7 7. Bg5 h6 8. Bh4 d6 9. O-O-O g5 10. Bg3 Ng6 11. h4 g4 12. Nd2 Be6 13. h5 Nge5 14. Qe3 Qf6 15. Bh4 1-0

[Event "December 5 Late 2023"]
[Site "https://www.chess.com"]
[Date "2023.12.05"]
[Round "4"]
[White "Adewumi, Tanitoluwa"]
[Black "Senft, Sean"]
[Result "1-0"]
[Board "89"]
[TimeControl "180+1"]
[WhiteFideId "30966396"]
[BlackFideId "2044960"]
[WhiteElo "2733"]
[BlackElo "2489"]
[WhiteTeam "USA"]
[BlackTeam "USA"]
[WhiteClock "0:00:17"]
[BlackClock "0:00:13"]

1. Nf3 d5 2. b3 Nf6 3. Bb2 Bf5 4. d3 e6 5. Nh4 Bg6 6. Nxg6 hxg6 7. g3 Nbd7 8. Bg2 Be7 9. Nd2 O-O 10. e3 c5 11. h4 Rc8 12. g4 Nh7 13. g5 Bd6 14. Qg4 Be5 15. Bxe5 Nxe5 16. Qg3 Nc6 17. a3 Ne7 18. h5 Nf5 19. Qh2 Qxg5 20. hxg6 Qxg6 21. Ke2 Nh6 22. Rag1 Qf6 23. Bxd5 exd5 24. Qxh6 Qxh6 25. Rxh6 g6 26. Nf3 Kg7 27. Rgh1 Rh8 28. Ne5 Rce8 29. Nxf7 c4 30. bxc4 dxc4 31. Nd6 cxd3+ 32. cxd3 Re7 33. Ne4 Ree8 34. Nd6 Re7 35. Ne4 Ree8 36. f4 b6 37. Rxh7+ Rxh7 38. Rxh7+ Kxh7 39. Nf6+ 1-0

[Event "December 5 Late 2023"]
[Site "https://www.chess.com"]
[Date "2023.12.05"]
[Round "4"]
[White "Sahakyan, Aleks"]
[Black "Milosevic, Milos"]
[Result "1-0"]
[Board "90"]
[TimeControl "180+1"]
[WhiteFideId "13316338"]
[BlackFideId "964875"]
[WhiteElo "2695"]
[BlackElo "2506"]
[WhiteTeam "ARM"]
[BlackTeam "SRB"]
[WhiteClock "0:00:03"]
[BlackClock "0:00:04"]

1. e4 e5 2. Qh5 Nc6 3. Bc4 g6 4. Qf3 Qf6 5. c3 Qxf3 6. Nxf3 Bg7 7. d3 Nf6 8. a4 O-O 9. b4 d6 10. a5 a6 11. Nbd2 h6 12. O-O Rd8 13. Bb2 d5 14. exd5 Nxd5 15. Ne4 Nf4 16. Rad1 Be6 17. Nc5 Bxc4 18. dxc4 b6 19. Rxd8+ Rxd8 20. axb6 cxb6 21. Nxa6 e4 22. Nd4 Nxd4 23. cxd4 Bxd4 24. Bxd4 Rxd4 25. c5 Ne2+ 26. Kh1 bxc5 27. b5 Ra4 28. Rb1 Nc3 29. b6 Nxb1 30. b7 Ra1 31. b8=Q+ Kh7 32. Qb2 Rxa6 33. Qxb1 Re6 34. Qb5 e3 35. fxe3 Rxe3 36. h3 Re5 37. Kh2 h5 38. Kg3 Rf5 39. Qd7 Kg7 40. Kh2 h4 41. Qe7 Rh5 42. Kg1 Kg8 43. Kf2 Kg7 44. Kf3 Kg8 45. Kg4 Kg7 46. Qd8 Rh8 47. Qe7 Rh5 48. Qe8 Kf6 49. Qf8 Ke6 50. Qg7 Ke7 51. Kf4 Ke6 52. Ke4 Ke7 53. Kd3 Ke6 54. Kc4 Ke7 55. Kb5 Rf5 56. Kc6 Ke6 57. Qh8 Rh5 58. Qd8 c4 59. Qd7+ Kf6 60. Qd4+ Ke6 61. Qxc4+ Kf6 62. Qd4+ Ke6 63. Qg7 Ke7 64. Qd4 Kf8 65. Kd7 Rf5 66. Qh8# 1-0

[Event "December 5 Late 2023"]
[Site "https://www.chess.com"]
[Date "2023.12.05"]
[Round "4"]
[White "Solon, Nathan"]
[Black "Argandona Riveiro, Inigo"]
[Result "1-0"]
[Board "91"]
[TimeControl "180+1"]
[WhiteFideId "2017229"]
[BlackFideId "2212072"]
[WhiteElo "2685"]
[BlackElo "2446"]
[WhiteTeam "USA"]
[BlackTeam "ESP"]
[WhiteClock "0:00:14"]
[BlackClock "0:00:00"]

1. d4 d6 2. Nf3 g6 3. e4 Bg7 4. Bc4 Nf6 5. Qe2 O-O 6. O-O a6 7. e5 Ne8 8. Nc3 Nc6 9. Bf4 Bg4 10. Rad1 Qc8 11. Rfe1 Qf5 12. Bg3 Bxf3 13. gxf3 e6 14. f4 d5 15. Bd3 Qh3 16. Qe3 Nb4 17. Bf1 Qf5 18. Qd2 Nxc2 19. Bd3 Nxe1 20. Rxe1 Qh3 21. Bf1 Qh5 22. Be2 Qh6 23. Nd1 f5 24. Kg2 Rf7 25. Nc3 Bf8 26. Na4 Be7 27. h4 Ng7 28. Rc1 c6 29. Nc5 Bd8 30. b4 Nh5 31. a4 Ng7 32. a5 Rc8 33. Qe3 Rcc7 34. Qd2 Be7 35. Qe3 Bxh4 36. Rh1 g5 37. fxg5 f4 38. gxh6 fxe3 39. Rxh4 Nf5 40. Rg4+ Kh8 41. Nxe6 Rce7 42. Ng5 Rf8 43. Bd3 e2 44. Bxe2 Nxh6 45. Rh4 Nf5 46. Rf4 Rg7 47. Ne6 Nh4+ 48. Rxh4 1-0

[Event "December 5 Late 2023"]
[Site "https://www.chess.com"]
[Date "2023.12.05"]
[Round "4"]
[White "Zimmermann, Ulrich"]
[Black "Vlassov, Nikolai"]
[Result "1-0"]
[Board "92"]
[TimeControl "180+1"]
[WhiteFideId "24654523"]
[BlackFideId "4103360"]
[WhiteElo "2418"]
[BlackElo "2658"]
[WhiteTeam "GER"]
[BlackTeam "FID"]
[WhiteClock "0:00:17"]
[BlackClock "0:00:16"]

1. Nf3 c5 2. g3 Nc6 3. Bg2 e5 4. O-O f5 5. d3 h6 6. e4 d6 7. c3 Nf6 8. Nh4 Ne7 9. d4 Nxe4 10. Bxe4 fxe4 11. dxe5 d5 12. Qh5+ Kd7 13. c4 g5 14. Ng6 Qe8 15. Nxf8+ Rxf8 16. Qxh6 Qg6 17. Qxf8 b6 18. cxd5 Bb7 19. e6+ Kd6 20. Bf4+ gxf4 21. Qxf4+ Kxd5 22. Rd1+ Kc6 23. Qd6+ Kb5 24. Qxe7 e3 25. Qxb7 exf2+ 26. Kxf2 Rf8+ 27. Kg1 Qxe6 28. Na3+ Kb4 29. Nc2+ Kb5 30. Qg2 Ka6 31. Re1 Qf6 32. b3 Qc3 33. Rf1 Rd8 34. Rf2 Rd3 35. Raf1 Ka5 36. Na3 b5 37. Qc6 a6 38. Qc7+ Kb4 39. Nc2+ Qxc2 40. Rxc2 1-0

[Event "December 5 Late 2023"]
[Site "https://www.chess.com"]
[Date "2023.12.05"]
[Round "4"]
[White "Mis, Mieszko"]
[Black "Haraguchi, Diego Sashaki"]
[Result "1-0"]
[Board "93"]
[TimeControl "180+1"]
[WhiteFideId "1196448"]
[BlackFideId "22729925"]
[WhiteElo "2650"]
[BlackElo "2414"]
[WhiteTeam "POL"]
[BlackTeam "BRA"]
[WhiteClock "0:02:51"]
[BlackClock "0:02:26"]

1. g3 Nf6 2. Bg2 g6 3. b3 Bg7 4. Bb2 O-O 5. Nf3 d5 6. O-O c5 7. e3 Nc6 8. Ne5 Nxe5 9. Bxe5 Bf5 10. c4 Rc8 11. cxd5 Nxd5 12. Bxg7 Bxb1 13. Bxf8 Bd3 14. Bh6 Bxf1 15. Qxf1 f6 16. Qc4 1-0

[Event "December 5 Late 2023"]
[Site "https://www.chess.com"]
[Date "2023.12.05"]
[Round "4"]
[White "Martins, Vinicius Tine"]
[Black "Saito, Vinicius"]
[Result "0-1"]
[Board "94"]
[TimeControl "180+1"]
[WhiteFideId "2112884"]
[BlackFideId "2113384"]
[WhiteElo "2643"]
[BlackElo "2407"]
[WhiteTeam "BRA"]
[BlackTeam "BRA"]
[WhiteClock "0:00:13"]
[BlackClock "0:00:24"]

1. d4 Nf6 2. Nf3 g6 3. Bf4 Bg7 4. c4 O-O 5. Nc3 c5 6. d5 e6 7. d6 Qb6 8. Nb5 Nc6 9. e3 a6 10. Nc7 Rb8 11. Qb3 Qa5+ 12. Nd2 Ne4 13. Rd1 e5 14. Bg3 Nxd6 15. Nd5 Ne4 16. Bd3 Nxg3 17. hxg3 d6 18. Ke2 f5 19. Bb1 Be6 20. Nf3 h6 21. Nh4 g5 22. Nf3 e4 23. Nh2 Be5 24. g4 fxg4 25. Nf1 Kg7 26. Bxe4 Rf7 27. f3 gxf3+ 28. gxf3 Rbf8 29. Nd2 g4 30. f4 Bxf4 31. Nxf4 Rxf4 32. exf4 Nd4+ 33. Ke3 Nxb3 34. axb3 Qd8 35. Rh5 Qf6 36. f5 Bf7 37. Rh2 Qd4+ 38. Kf4 Qe5+ 39. Kxg4 Qxh2 0-1

[Event "December 5 Late 2023"]
[Site "https://www.chess.com"]
[Date "2023.12.05"]
[Round "4"]
[White "Ambartsumova, Karina"]
[Black "Al-Saffar, Araz Basim Mohammed S"]
[Result "1-0"]
[Board "95"]
[TimeControl "180+1"]
[WhiteFideId "4166299"]
[BlackFideId "4801040"]
[WhiteElo "2639"]
[BlackElo "2390"]
[WhiteTeam "RUS"]
[BlackTeam "IRQ"]
[WhiteClock "0:01:46"]
[BlackClock "0:02:21"]

1. d4 Nf6 2. c4 e6 3. Nc3 Bb4 4. a3 Bxc3+ 5. bxc3 d6 6. e3 c5 7. Bd3 b6 8. Ne2 Bb7 9. O-O O-O 10. f3 Nc6 11. e4 Ne8 12. f4 f6 13. Be3 e5 14. d5 Na5 15. Ng3 Ba6 16. Qe2 g6 17. Rf2 Ng7 18. Raf1 Qe7 19. f5 g5 20. Bxg5 fxg5 21. f6 Qd7 22. fxg7 Qxg7 23. Nf5 Qg6 24. Ne7+ 1-0

[Event "December 5 Late 2023"]
[Site "https://www.chess.com"]
[Date "2023.12.05"]
[Round "4"]
[White "Ismagilov, Damir"]
[Black "Zivic, Dragan"]
[Result "0-1"]
[Board "96"]
[TimeControl "180+1"]
[WhiteFideId "34199982"]
[BlackFideId "904740"]
[WhiteElo "2591"]
[BlackElo "2386"]
[WhiteTeam "RUS"]
[BlackTeam "SRB"]
[WhiteClock "0:00:00"]
[BlackClock "0:00:12"]

1. d4 Nf6 2. Bf4 e6 3. e3 c5 4. c3 cxd4 5. exd4 b6 6. Nd2 Bb7 7. Ngf3 Be7 8. Bd3 O-O 9. h3 d6 10. O-O Re8 11. Re1 a6 12. Qe2 Nbd7 13. Qf1 Nf8 14. Bh2 Ng6 15. a4 Nd5 16. Be4 Qc7 17. Bg3 f5 18. Bd3 Bf6 19. Nc4 Ngf4 20. Bc2 g5 21. Ne3 Nxe3 22. fxe3 Nh5 23. Bh2 g4 24. hxg4 fxg4 25. Qd3 gxf3 26. gxf3 Kh8 27. e4 e5 28. Kh1 Rg8 29. Rg1 Qf7 30. c4 Nf4 31. Qe3 Qh5 32. d5 Rxg1+ 33. Rxg1 Rg8 34. Rxg8+ Kxg8 35. Bd1 Qh3 36. Qf2 Bh4 37. Qg1+ Kf7 38. Qg4 Qxg4 39. fxg4 Bg5 40. Bg1 Nd3 41. Bxb6 Nxb2 42. Bb3 Bc8 43. Bc7 Ke7 44. c5 dxc5 45. Bxe5 Bxg4 46. d6+ Kd8 47. Kg2 c4 48. Bc2 Nd3 49. Bd4 Be6 50. Bd1 Bf4 51. e5 Bxe5 0-1